Map: Orbital Shipyard

Players

ILLBdA

  • Race: Protoss Protoss
  • League: Diamond

Zerg - Winner!

  • Race: Zerg Zerg
  • League: Diamond

VOD

Have the link to the VOD?

Description

Time

  • Played on: Dec. 30, 2015, 6:44 a.m.
  • Length: 10:01
Show
View Real Time Build Order
Export as new Build Order

ILLBdA Protoss 

Build Orders: 1 Gate Expand 

Get SALT Encoding   

  12  0:01  Probe (Chrono Boost)  
  13  0:11  Probe (Chrono Boost)  
  14  0:18  Pylon  
  14  0:22  Probe (Chrono Boost)  
  15  0:36  Probe (Chrono Boost)  
  15  0:37  Gateway  
  16  0:47  Probe (Chrono Boost)  
  17  0:57  Probe (Chrono Boost)  
  18  1:08  Probe (Chrono Boost)  
  19  1:14  Nexus  
  19  1:18  Probe (Chrono Boost)  
  19  1:24  Assimilator  
  20  1:28  Assimilator  
  20  1:36  Cybernetics Core  
  21  1:46  Probe (Chrono Boost), Pylon  
  21  1:57  Probe (Chrono Boost)  
  22  2:07  Probe (Chrono Boost)  
  23  2:12  Adept (Chrono Boost), Warp Gate  
  25  2:18  Probe  
  26  2:25  Probe  
  27  2:30  Probe  
  27  2:35  Probe  
  28  2:39  Gateway  
  28  2:40  Stalker (Chrono Boost)  
  28  2:43  Mothership Core (Chrono Boost)  
  33  2:46  Probe  
  34  2:54  Pylon  
  34  3:00  Probe (Chrono Boost)  
  35  3:09  Robotics Facility  
  35  3:14  Sentry  
  35  3:15  Probe (Chrono Boost)  
  35  3:16  Probe (Chrono Boost)  
  39  3:25  Probe (Chrono Boost)  
  40  3:29  Probe (Chrono Boost)  
  40  3:32  Assimilator  
  41  3:38  Assimilator  
  41  3:40  Stalker  
  43  3:42  Probe (Chrono Boost)  
  43  3:43  Probe (Chrono Boost)  
  43  3:47  Pylon  
  45  3:58  Pylon, Warp Prism  
  47  4:05  Probe (Chrono Boost)  
  47  4:09  Gateway x2  
  48  4:11  Gateway  
  48  4:19  Sentry  
  48  4:20  Sentry  
  48  4:21  Probe (Chrono Boost)  
  53  4:40  Probe (Chrono Boost)  
  53  4:41  Immortal (Chrono Boost)  
  58  4:56  Nexus  
  58  4:58  Pylon x2  
  58  5:00  Probe, Pylon  
  58  5:03  Probe  
  60  5:14  Probe  
  61  5:22  Adept x2  
  61  5:23  Adept  
  65  5:35  Immortal (Chrono Boost)  
  69  5:36  Probe, Robotics Bay  
  69  5:37  Probe  
  59  5:47  Sentry x3  
  65  5:50  Probe x2  
  65  5:54  Assimilator  
  65  5:55  Pylon  
  67  6:00  Probe  
  67  6:02  Probe  
  67  6:04  Gateway  
  69  6:05  Assimilator  
  69  6:06  Gateway  
  69  6:07  Probe  
  69  6:10  Assimilator  
  70  6:11  Probe  
  70  6:14  Probe  
  70  6:17  Probe  
  72  6:21  Probe  
  72  6:23  Disruptor (Chrono Boost)  
  77  6:26  Probe  
  77  6:28  Adept x2  
  82  6:36  Zealot x2  
  86  6:43  Probe  
  87  6:47  Gateway  
  90  6:54  Disruptor (Chrono Boost)  
  90  6:59  Zealot x4  
  98  7:07  Probe  
  99  7:09  Pylon  
  99  7:18  Twilight Council  
  99  7:20  Pylon  
  99  7:25  Disruptor  
  99  7:26  Adept x2  
  106  7:42  Adept x4  
  106  7:43  Adept  
  116  7:48  Probe  
  117  7:58  Gateway  
  117  8:00  Gateway, Disruptor  
  117  8:01  Charge  
  117  8:02  Gateway  
  117  8:03  Pylon  
  117  8:04  Sentry x2  
  124  8:18  Probe  
  125  8:21  Stargate  
  125  8:22  Stargate  
  125  8:23  Pylon  
  125  8:33  Zealot x3  
  125  8:34  Zealot  
  133  8:37  Probe  
  133  8:38  Observer  
  133  8:39  Forge  
  135  8:43  Zealot x2  
  139  8:54  Probe  
  140  9:07  Probe  
  141  9:12  Fleet Beacon  
  141  9:22  Probe  
  140  9:25  Pylon  
  140  9:26  Pylon  
  140  9:27  Probe  
  140  9:28  Pylon  
  141  9:43  Probe  
  145  9:52  Adept  
  148  9:53  Adept x2  
  148  9:56  Zealot  
  148  9:57  Zealot x6  
Show
View Real Time Build Order
Export as new Build Order

Zerg Zerg - Winner!

Build Orders: 3 Hatch before Pool 

Get SALT Encoding   

  12  0:01  Drone  
  13  0:08  Drone  
  14  0:17  Overlord  
  14  0:35  Drone x3  
  17  0:46  Drone  
  18  0:57  Hatchery  
  18  0:59  Drone  
  18  1:08  Drone  
  19  1:25  Hatchery  
  18  1:27  Drone  
  18  1:31  Drone  
  20  1:43  Spawning Pool  
  20  1:44  Drone  
  20  1:48  Extractor  
  20  1:53  Drone  
  20  2:13  Drone x3  
  23  2:22  Drone x2  
  25  2:30  Queen  
  25  2:33  Overlord  
  25  2:35  Queen  
  25  2:36  Extractor  
  29  2:45  Zergling x2  
  29  2:46  Zergling x6  
  33  2:51  Metabolic Boost  
  33  2:56  Queen  
  35  3:02  Drone  
  35  3:03  Overlord  
  36  3:17  Drone x6  
  42  3:21  Overlord  
  42  3:26  Overlord  
  42  3:40  Drone x7  
  47  3:45  Extractor  
  46  3:49  Drone  
  46  3:50  Roach Warren  
  46  3:53  Drone x2  
  48  4:02  Drone x2  
  50  4:03  Drone x3, Extractor  
  52  4:14  Overlord  
  52  4:16  Drone x4  
  56  4:18  Extractor  
  56  4:20  Drone x3  
  56  4:23  Overlord  
  58  4:27  Lair  
  57  4:36  Roach x2  
  61  4:38  Overlord x2  
  61  4:43  Roach x3  
  67  4:54  Roach x3  
  67  4:55  Overlord x2  
  73  5:03  Roach x3  
  79  5:19  Roach  
  79  5:20  Roach x8  
  97  5:25  Roach  
  99  5:30  Roach  
  99  5:31  Roach x2  
  99  5:32  Roach  
  105  5:55  Spire  
  104  6:00  Drone x3, Hydralisk Den, Overlord  
  104  6:01  Overlord x3  
  106  6:07  Extractor  
  106  6:08  Drone, Extractor  
  106  6:09  Drone  
  106  6:11  Overlord  
  106  6:20  Ravager  
  106  6:21  Ravager  
  106  6:22  Ravager x2  
  110  6:28  Ravager  
  111  6:36  Drone x9  
  111  6:38  Ravager x2  
  122  6:42  Hatchery, Overseer, Extractor  
  122  6:44  Extractor  
  122  6:45  Drone  
  122  6:46  Drone x3  
  123  6:52  Hydralisk x2  
  127  7:02  Drone  
  127  7:03  Drone x5  
  127  7:08  Overlord x2  
  133  7:12  Hydralisk  
  133  7:13  Overlord  
  135  7:27  Overlord x2  
  132  7:57  Drone x11  
  132  7:58  Drone x5, Queen  
  148  8:00  Overlord  
  148  8:03  Zerg Flyer Armor Level 1  
  150  8:36  Mutalisk x12  
  174  8:44  Overseer  
  174  8:48  Mutalisk x4  
  182  8:59  Mutalisk x2  
  182  9:00  Overlord x2  
Tags
 
Add a new tag
Caveats
  • Supply blocks, unpowered buildings, or Contaminate may cause inaccurate times.
  • Supply counts are checked every 10 seconds.